 Dungeon Crawl Stone Soup version 0.27.1-3-gb3d3a73c9e (webtiles) character file.

Game seed: 9464730990897000039

942 Crownlay the Cleaver (level 8, -4/60 (64) HPs)
             Began as a Hill Orc Fighter on Oct 21, 2021.
             Was an Initiate of Cheibriados.
             Slain by a wight (12 damage)
             ... on level 4 of the Dungeon.
             The game lasted 00:07:45 (5325 turns).

Crownlay the Cleaver (Hill Orc Fighter)             Turns: 5325, Time: 00:07:45

HP:   -4/60 (64)    AC:  8    Str: 22    XL:     8   Next: 12%
MP:   8/8           EV:  9    Int:  9    God:    Cheibriados [......]
Gold: 141           SH:  5    Dex: 11    Spells: 7/7 levels left

rFire    . . .     SeeInvis .   a - +1 war axe
rCold    . . .     Faith    .   m - +0 buckler
rNeg     . . .     Spirit   .   b - +0 scale mail
rPois    .         Reflect  .   p - +0 helmet
rElec    .         Harm     .   (no cloak)
rCorr    .         Rampage  .   (no gloves)
Will     +....                  (no boots)
Stlth    ..........             (no amulet)
HPRegen  0.20/turn              o - ring of willpower
MPRegen  0.11/turn              (no ring)

@: drained, very slow
A: no striking features
a: Renounce Religion, Bend Time


You were on level 4 of the Dungeon.
You worshipped Cheibriados.
Cheibriados was noncommittal.
You visited 2 branches of the dungeon, and saw 6 of its levels.
You also visited: Sewer.

You collected 141 gold pieces.

Inventory:

Hand Weapons
 a - a +1 war axe (weapon)
Missiles
 y - 2 curare-tipped darts (quivered)
Armour
 b - a +0 scale mail (worn)
 c - a +0 kite shield
 m - a +0 buckler (worn)
 p - a +0 helmet (worn)
Jewellery
 o - a ring of willpower (left hand)
 t - a ring of wizardry
Wands
 q - a wand of paralysis (9)
 r - a wand of flame (15)
Scrolls
 e - a scroll of immolation
 j - a scroll of amnesia {unknown}
 l - a scroll of noise {unknown}
 n - a scroll of fear {unknown}
 v - a scroll of enchant weapon
 w - 2 scrolls of teleportation
 x - a scroll of summoning {unknown}
Potions
 d - 2 potions of might
 f - 2 potions of curing
 g - a potion of attraction {unknown}
 h - a potion of haste
 i - 2 potions of flight {unknown}
 k - a potion of brilliance {unknown}
 s - a potion of berserk rage {unknown}
 u - a potion of lignification {unknown}


   Skills:
 - Level 3.6 Fighting
 * Level 10.0 Axes
 - Level 3.2 Armour
 + Level 6.5 Shields


You had 7 spell levels left.
You didn't know any spells.
Your spell library contained the following spells:

 Spells                   Type           Power      Damage    Failure   Level
 Beastly Appendage        Tmut           0%         N/A       71%         1
 Summon Small Mammal      Summ           0%         N/A       71%         1
 Blink                    Tloc           N/A        N/A       85%         2
 Wereblood                Tmut           0%         N/A       85%         2
 Call Canine Familiar     Summ           0%         N/A       97%         3
 Portal Projectile        Hex/Tloc       0%         N/A       97%         3
 Spider Form              Tmut/Pois      0%         N/A       97%         3
 Summon Guardian Golem    Hex/Summ       0%         N/A       97%         3
 Blade Hands              Tmut           0%         N/A       100%        5
 Excruciating Wounds      Necr           0%         N/A       100%        5
 Manifold Assault         Tloc           0%         N/A       100%        5
 Storm Form               Tmut/Air       0%         N/A       100%        7


Dungeon Overview and Level Annotations

Branches:
Dungeon (5/15)             Temple (1/1) D:4           Sewer (visited)

Altars:
Ashenzari
Cheibriados
Dithmenos
Elyvilon
Fedhas
Hepliaklqana
Kikubaaqudgha
Nemelex Xobeh
Qazlal
Sif Muna
Trog
Vehumet
Wu Jian
Xom
Yredelemnul
The Shining One


Message History

The wight barely misses you.
You slash the wight!
You destroy the wight!
Cheibriados appreciates the change of pace.
Your Axes skill increases to level 10!
No target in view!
No target in view!
No target in view!
No target in view!
Things that are here:
a +4 short sword; a +0 robe
There is a stone staircase leading down here.
HP restored.
Done exploring.
You climb downwards.
The wight hits you with a +5 dire flail of freezing!
The wight freezes you. You block the wight's attack.
The wight closely misses you.
A wight comes into view. It is wielding a +0 short sword.
You block the wight's attack.
There is a stone staircase leading up, spattered with blood here.
You hit the wight but do no damage. You slash the wight!
The wight closely misses you. The wight hits you with a +5 falchion.
You feel drained.
You hit the wight.
The wight is severely damaged.
You closely miss the wight.
The wight hits you with a +5 dire flail of freezing!
The wight freezes you. You block the wight's attack.
The wight hits you with a +5 dire flail of freezing!
* * * LOW HITPOINT WARNING * * *
You feel drained.
* * * LOW HITPOINT WARNING * * *
The wight freezes you.
* * * LOW HITPOINT WARNING * * *
The wight barely misses you.
You climb upwards.
There is a stone staircase leading down here.
The wight hits you with a +5 dire flail of freezing!
You die...

.....# ###
#.#.###.# ..##.#
#.#.# #.# ..##+####
#.#.# #.# .......^#
#...###.# ##...##.#
#...<...#
##...##.##
##..######
.........####.....#
...>.....'.....)[z#
.........####...@>#
##...##.## #..##z#
##...##.# #.###.#
........# #.###.#
####+.### #.....#
#.## #####.# #.#
#.# ##.### #.#
##....# #.#


You could see 2 wights.

Vanquished Creatures
  A black bear (D:4)
  An ogre (D:4)
  A necrophage (D:3)
  2 bullfrogs (Sewer)
  A wight (D:4)
  2 orc priests (D:4)
  A bullfrog skeleton (D:5)
  Jessica (D:2)
  Natasha (thrice) (D:2)
  3 orc wizards
  Robin (D:3)
  7 gnolls
  A river rat (D:3)
  4 adders
  A worm (D:3)
  A dart slug (D:2)
  7 orcs
  8 ball pythons
  An endoplasm (D:1)
  6 giant cockroaches
  13 goblins
  9 hobgoblins
  8 jackals (D:1)
  6 quokkas
  5 bats
  12 frilled lizards
  18 kobolds
  3 rats
127 creatures vanquished.

Vanquished Creatures (others)
  10 plants
10 creatures vanquished.

Grand Total: 137 creatures vanquished

Notes
Turn   | Place    | Note
-------+----------+-------------------------------------------
     0 | D:1      | Crownlay the Hill Orc Fighter began the quest for the Orb.
     0 | D:1      | Reached XP level 1. HP: 19/19 MP: 1/1
    83 | D:1      | Reached skill level 3 in Axes
    94 | D:1      | Reached XP level 2. HP: 2/26 MP: 2/2
   729 | D:1      | Reached skill level 4 in Axes
   914 | D:2      | Found a faded altar of an unknown god.
   920 | D:2      | Reached XP level 3. HP: 31/31 MP: 3/3
  1007 | D:2      | Reached XP level 4. HP: 5/39 MP: 4/4
  1306 | D:2      | Reached skill level 5 in Axes
  1494 | D:2      | Noticed Natasha
  1496 | D:2      | Noticed Jessica
  1500 | D:2      | Killed Natasha
  1507 | D:2      | Killed Jessica
  1508 | D:2      | Reached XP level 5. HP: 43/45 MP: 5/5
  1642 | D:2      | Noticed Natasha
  1659 | D:2      | Killed Natasha
  1660 | D:2      | Reached skill level 6 in Axes
  1688 | D:2      | Noticed Natasha
  1701 | D:2      | Killed Natasha
  2133 | D:3      | Noticed a necrophage
  2169 | D:2      | Reached XP level 6. HP: 18/51 MP: 6/6
  2368 | D:3      | Reached skill level 5 in Shields
  2384 | D:3      | Killed a necrophage
  2385 | D:3      | Reached skill level 7 in Axes
  2539 | D:3      | Noticed Robin
  2575 | D:3      | Killed Robin
  2699 | D:3      | Found a glowing drain.
  2719 | Sewer    | Entered a sewer
  3053 | Sewer    | Reached skill level 8 in Axes
  3053 | Sewer    | Reached XP level 7. HP: 52/57 MP: 7/7
  4137 | D:4      | Reached skill level 9 in Axes
  4289 | D:4      | Found a staircase to the Ecumenical Temple.
  4297 | Temple   | Entered the Ecumenical Temple
  4502 | Temple   | Became a worshipper of Cheibriados the Contemplative
  4863 | D:4      | Reached XP level 8. HP: 48/64 MP: 8/8
  5275 | D:5      | Entered Level 5 of the Dungeon
  5304 | D:4      | Reached skill level 10 in Axes
  5325 | D:4      | Slain by a wight

Illustrated notes

Levels and vault maps discovered:
D:1:      nagdon_arrival_double_spiral, layout_basic, serial_bayou_lagoon_b
D:2:      layout_basic, ebering_ecumenical_altar_sacrificial,
          lexackson_kobold_supper, uniq_jessica, uniq_natasha
D:3:      layout_loops_ring, cheibrodos_sewer_entry_sluice, uniq_robin
D:4:      layout_loops_corners, minmay_temple_entry_stoned_glass
D:5:      layout_layer_cave
Temple:   eino_temple_scatter_basement

Skill      XL: |  1  2  3  4  5  6  7  8 |
---------------+-------------------------+-----
Axes           | 3 4 5 6 8 9 10 | 10.0
Shields        | 4 5 6 |  6.5
Fighting       | |  3.6
Armour         | |  3.2

Action                   |  1- 3 |  4- 6 |  7- 9 || total
-------------------------+-------+-------+-------++-------
Melee: War axe           |    58 |   218 |    96 ||   372
  Use: Scroll            |       |       |     4 ||     4
Armor: Scale mail        |    35 |    99 |    37 ||   171
Dodge: Dodged            |    32 |    80 |    31 ||   143
Block: Buckler           |       |    47 |    20 ||    67
